 Dungeon Sprint DCSS version 0.30-a0-830-gfe289a77b0 (webtiles) character file.

Game seed: 4688319480160092250

142 retardedninja the Shield-Bearer (level 5, 48/48 HPs)
             Began as a Gnoll Fighter on Feb 28, 2023.
             Was an Initiate of Trog.
             Quit the game in the Dungeon (Sprint IX: "|||||||||||||||||||||||||||||").
             The game lasted 00:00:51 (270 turns).

retardedninja the Shield-Bearer (Gnoll Fighter)      Turns: 270, Time: 00:00:52

Health: 48/48      AC: 11    Str: 17    XL:     5   Next: 25%
Magic:  10/10      EV:  8    Int:  7    God:    Trog [......]
Gold:   0          SH:  5    Dex: 12    Spells: 11/11 levels left

rFire   . . .      SeeInvis .    l - +1 broad axe (heavy)
rCold   . . .      Faith    .    c - +0 buckler
rNeg    . . .      Spirit   .    p - +1 chain mail
rPois   .          Reflect  .    (no helmet)
rElec   .          Harm     .    (no cloak)
rCorr   .          Rampage  .    (no gloves)
Will    .....      NoTele   +    (no boots) Stlth
                                 (no amulet)
HPRegen 0.28/turn                (no ring)
MPRegen 0.12/turn                (no ring)

@: no status effects
A: fangs 1, strong nose, distributed training
a: Renounce Religion


You were in the Dungeon.
You worshipped Trog.
Trog was noncommittal.
You visited 1 branch

Inventory:

Hand Weapons
 l - a +1 heavy broad axe (weapon)
Armour
 a - a +0 pair of gloves
 b - a +0 scale mail
 c - a +0 buckler (worn)
 m - a +0 pair of boots
 p - a +1 chain mail (worn)
Jewellery
 n - a +2 ring of evasion
 o - a +3 ring of dexterity
Wands
 k - a wand of acid (10)
Scrolls
 j - 2 scrolls of blinking
Potions
 d - a potion of might
 e - 5 potions of curing
 f - 3 potions of heal wounds
 g - a potion of haste
 h - 4 potions of magic
 i - a potion of invisibility


   Skills:
 + Level 7.5 Fighting
 + Level 3.5 Short Blades
 + Level 3.5 Long Blades
 + Level 3.5 Axes
 + Level 5.8 Maces & Flails
 + Level 3.5 Polearms
 + Level 3.5 Staves
 + Level 3.5 Ranged Weapons
 + Level 3.5 Throwing
 + Level 7.5 Armour
 + Level 3.5 Dodging
 + Level 3.5 Stealth
 + Level 7.5 Shields
 + Level 3.5 Unarmed Combat
 + Level 3.5 Spellcasting
 + Level 2.9 Conjurations
 + Level 2.9 Hexes
 + Level 2.9 Summonings
 + Level 2.9 Necromancy
 + Level 2.9 Translocations
 + Level 2.9 Transmutations
 + Level 2.9 Fire Magic
 + Level 2.9 Ice Magic
 + Level 2.9 Air Magic
 + Level 2.9 Earth Magic
 + Level 2.9 Poison Magic
 + Level 3.9 Invocations
 + Level 3.5 Evocations


You had 11 spell levels left.
You didn't know any spells.
Your spell library was empty.

Dungeon Overview and Level Annotations

Branches:
Dungeon (1/1)

Altars:
Cheibriados
Dithmenos
Elyvilon
Fedhas
Gozag
Hepliaklqana
Kikubaaqudgha
Makhleb
Nemelex Xobeh
Okawaru
Qazlal
Ru
Sif Muna
Trog
Uskayaw
Vehumet
Wu Jian
Xom
Yredelemnul
Zin
The Shining One
Jiyva
Lugonu


Innate Abilities, Weirdness & Mutations

You have very sharp teeth.
Your uncanny sense of smell can sniff out nearby items.
Your experience applies equally to all skills.


Message History

You kneel at the altar of Trog.
Trog welcomes you!
Unknown command.
Press < or > to pray at altars.
There is a hide-covered altar of Uskayaw here.
There is a radiant altar of Vehumet here.
There is an ornate altar of the Wu Jian Council here.
There is a shimmering altar of Xom here.
There is a basalt altar of Yredelemnul here.
There is a glowing silver altar of Zin here.
There is a glowing golden altar of the Shining One here.
You open the door.
Found five items.
Found a +1 chain mail.
There is an open door here.
Found a +2 ring of evasion.
h - 4 potions of magic (gained 2);
i - a potion of invisibility
f - 3 potions of heal wounds (gained 2);
e - 5 potions of curing (gained 4)
Found a +3 ring of dexterity.
j - 2 scrolls of blinking (gained 1)
You see here 2 scrolls of amnesia.
k - a wand of acid (10)
Items here: )))))).
l - a +1 heavy broad axe
l - a +1 heavy broad axe (weapon)
You drop a +0 flail.
a - a +0 pair of gloves
m - a +0 pair of boots You see here a +1 chain mail.
n - a +2 ring of evasion
o - a +3 ring of dexterity You see here a +1 chain mail.
p - a +1 chain mail You start removing your armour.
You continue taking off your +0 scale mail. x4
You finish taking off your +0 scale mail.
You start putting on your armour.
You continue putting on your +1 chain mail. x5
You finish putting on your +1 chain mail.
Are you sure you want to abandon this character and quit the game? (Confirm with "yes".)

▓_▓
▓'▓
▓.▓
▓?▓
▓)▓
▓.▓
▓.▓
▓.▓
▓@▓
▓.▓
∆
▓.▓
∆
▓+▓
∆ ∆
∆


There were no monsters in sight!

Vanquished Creatures
  2 scorpions (D)
  2 adders (D)
  A goblin (D)
  2 hobgoblins (D)
  2 kobolds (D)
  A quokka (D)
10 creatures vanquished.

Notes
Turn   | Place    | Note
-------+----------+-------------------------------------------
     0 | D        | retardedninja the Gnoll Fighter began the quest for the
                  | Orb.
     0 | D        | Reached XP level 1. HP: 23/23 MP: 1/1
    12 | D        | Reached skill level 1 in Invocations
    18 | D        | Reached skill level 1 in Short Blades
    18 | D        | Reached skill level 1 in Long Blades
    18 | D        | Reached skill level 1 in Axes
    18 | D        | Reached skill level 1 in Polearms
    18 | D        | Reached skill level 1 in Staves
    18 | D        | Reached skill level 1 in Ranged Weapons
    18 | D        | Reached skill level 1 in Throwing
    18 | D        | Reached skill level 1 in Dodging
    18 | D        | Reached skill level 1 in Stealth
    18 | D        | Reached skill level 1 in Unarmed Combat
    18 | D        | Reached skill level 1 in Spellcasting
    18 | D        | Reached skill level 1 in Evocations
   143 | D        | Noticed a scorpion
   143 | D        | Noticed a scorpion
   148 | D        | Reached skill level 1 in Conjurations
   148 | D        | Reached skill level 1 in Hexes
   148 | D        | Reached skill level 1 in Summonings
   148 | D        | Reached skill level 1 in Necromancy
   148 | D        | Reached skill level 1 in Translocations
   148 | D        | Reached skill level 1 in Transmutations
   148 | D        | Reached skill level 1 in Fire Magic
   148 | D        | Reached skill level 1 in Ice Magic
   148 | D        | Reached skill level 1 in Air Magic
   148 | D        | Reached skill level 1 in Earth Magic
   148 | D        | Reached skill level 1 in Poison Magic
   148 | D        | Reached XP level 2. HP: 29/29 MP: 4/4
   158 | D        | Killed a scorpion
   159 | D        | Reached skill level 5 in Maces & Flails
   159 | D        | Reached XP level 3. HP: 32/36 MP: 5/7
   159 | D        | Reached XP level 4. HP: 38/43 MP: 5/8
   161 | D        | Killed a scorpion
   162 | D        | Reached XP level 5. HP: 35/48 MP: 5/10
   209 | D        | Found a snail-covered altar of Cheibriados.
   209 | D        | Found a shadowy altar of Dithmenos.
   209 | D        | Found a white marble altar of Elyvilon.
   209 | D        | Found a blossoming altar of Fedhas.
   209 | D        | Found an opulent altar of Gozag.
   210 | D        | Found a hazy altar of Hepliaklqana.
   211 | D        | Found a viscous altar of Jiyva.
   212 | D        | Found an ancient bone altar of Kikubaaqudgha.
   213 | D        | Found a corrupted altar of Lugonu.
   214 | D        | Found a burning altar of Makhleb.
   215 | D        | Found a sparkling altar of Nemelex Xobeh.
   216 | D        | Found an iron altar of Okawaru.
   217 | D        | Found a stormy altar of Qazlal.
   218 | D        | Found a sacrificial altar of Ru.
   219 | D        | Found a shimmering blue altar of Sif Muna.
   220 | D        | Found a bloodstained altar of Trog.
   221 | D        | Found a hide-covered altar of Uskayaw.
   222 | D        | Found a radiant altar of Vehumet.
   223 | D        | Found an ornate altar of the Wu Jian Council.
   224 | D        | Found a shimmering altar of Xom.
   225 | D        | Found a basalt altar of Yredelemnul.
   226 | D        | Found a glowing silver altar of Zin.
   227 | D        | Found a glowing golden altar of the Shining One.
   228 | D        | Became a worshipper of Trog the Wrathful
   270 | D        | Quit the game

Illustrated notes

Levels and vault maps discovered:
D:        linesprint [early_d, line_temple, items_1, d_10, items_2, lair_1,
          lair_end, items_3, orc_1, orc_end, items_4, d_15, swamp_1, shoals_1,
          snake_1, spider_1, d_20, vaults_1, items_5, swamp_end, shoals_end,
          snake_end, spider_end, vaults_end, d_27, items_6, zot_1, zot_end,
          crypt_end, forest_end, elf_end, slime_end, tomb_end, abyss_end,
          pan_hell_end]

Skill      XL: |  1  2  3  4 |
---------------+-------------+-----
Invocations    | 1 3 |  3.9
Short Blades   | 1 2 3 |  3.5
Long Blades    | 1 2 3 |  3.5
Axes           | 1 2 3 |  3.5
Polearms       | 1 2 3 |  3.5
Staves         | 1 2 3 |  3.5
Ranged Weapons | 1 2 3 |  3.5
Throwing       | 1 2 3 |  3.5
Dodging        | 1 2 3 |  3.5
Stealth        | 1 2 3 |  3.5
Unarmed Combat | 1 2 3 |  3.5
Spellcasting   | 1 2 3 |  3.5
Evocations     | 1 2 3 |  3.5
Conjurations   | 1 2 |  2.9
Hexes          | 1 2 |  2.9
Summonings     | 1 2 |  2.9
Necromancy     | 1 2 |  2.9
Translocations | 1 2 |  2.9
Transmutations | 1 2 |  2.9
Fire Magic     | 1 2 |  2.9
Ice Magic      | 1 2 |  2.9
Air Magic      | 1 2 |  2.9
Earth Magic    | 1 2 |  2.9
Poison Magic   | 1 2 |  2.9
Fighting       | 7 |  7.5
Maces & Flails | 5 |  5.8
Armour         | 7 |  7.5
Shields        | 7 |  7.5

Action                     |  1- 3 |  4- 6 || total
---------------------------+-------+-------++-------
  Melee: Flail             |    37 |     5 ||    42
         Bite              |     1 |     1 ||     2
    Use: Potion            |     1 |       ||     1
 Armour: Scale mail        |    13 |     3 ||    16
  Dodge: Dodged            |     7 |     3 ||    10
  Block: Buckler           |    12 |       ||    12

Table legend: (Time is in decaauts)
 A = Elapsed time spent in this place.
 B = Non-inter-level travel time spent in this place.
 C = Inter-level travel time spent in this place.
 D = Time resting spent in this place.
 E = Time spent auto-exploring this place.
 F = Levels seen in this place.
 G = Mean time per level.
                   A        B        C        D        E       F      G
               +--------+--------+--------+--------+--------+-----+--------+
         Total |    287 |    287 |      0 |    159 |      0 |   1 |  287.0 |
       Dungeon |    287 |    287 |      0 |    159 |      0 |   1 |  287.0 |
               +--------+--------+--------+--------+--------+-----+--------+

Top non-repeatable levels by time:
       D: 287 daAuts
